 Dungeon Crawl Stone Soup version 0.22-a0-538-g76cc104 (webtiles) character file.

1793 Coldfire the Chopper (level 9, -8/53 HPs)
             Began as a Gargoyle Fighter on June 23, 2018.
             Was a Believer of Elyvilon.
             Killed by divine providence
             ... invoked by an orc priest
              (14 damage)
             ... on level 6 of the Dungeon.
             The game lasted 00:20:15 (5089 turns).

Coldfire the Chopper (Gargoyle Fighter)             Turns: 5089, Time: 00:20:21

Health: -8/53      AC: 14    Str: 23    XL:     9   Next: 9%
Magic:  18/18      EV:  6    Int:  9    God:    Elyvilon [**....]
Gold:   289        SH: 15    Dex:  9    Spells: 8/8 levels left

rFire    . . .     SeeInvis .   m - +2 war axe (flame)
rCold    . . .     Gourm    .   g - +0 large shield
rNeg     + . .     Faith    .   b - +0 scale mail
rPois    ∞         Spirit   .   (no helmet)
rElec    +         Reflect  .   z - +0 cloak
rCorr    .         Harm     .   (no gloves)
MR       .....                  (no boots)
Stlth    ..........             (no amulet)
HPRegen  0.17/turn              F - ring of magical power
MPRegen  0.16/turn              (no ring)

@: no status effects
A: negative energy resistance 1, electricity resistance, unbreathing,
petrification resistance, rot immunity, AC +6
a: Lesser Healing, Heal Other, Divine Protection, Renounce Religion


You were on level 6 of the Dungeon.
You worshipped Elyvilon.
Elyvilon was pleased with you.
You were not hungry.

You visited 1 branch of the dungeon, and saw 6 of its levels.
You also visited: Sewer.

You collected 289 gold pieces.

Inventory:

Hand Weapons
 a - a +1 flail
 l - a +0 short sword
 m - a +2 war axe of flaming (weapon)
 E - a +1 falchion of slicing
Missiles
 e - 91 stones (quivered)
Armour
 b - a +0 scale mail (worn)
 c - a +0 shield
 g - a +0 large shield (worn)
 o - a +0 leather armour of magic resistance
 p - a scarf of resistance
 w - a cursed -2 cloak
 z - a +0 cloak (worn)
Magical Staves
 B - an uncursed staff of power {unknown}
Jewellery
 t - an uncursed ring of loudness
 D - the ring of Puappig {AC+3 Str+3 Int+4, unknown}
   (You found it on level 6 of the Dungeon)

   [ring of protection]

   It affects your AC (+3).
   It affects your strength (+3).
   It affects your intelligence (+4).
 F - a ring of magical power (left hand)
Wands
 q - a wand of acid (22)
 u - a wand of polymorph (14)
Scrolls
 h - a scroll of blinking
 k - 4 scrolls of remove curse
 r - 3 scrolls of teleportation
 y - a scroll of amnesia
 C - a scroll of fear
 G - 2 scrolls of identify
 I - a scroll of random uselessness {unknown}
Potions
 d - a potion of might
 i - 9 potions of curing {unknown}
 j - a potion of lignification {unknown}
 n - 2 potions of mutation {unknown}
 s - a potion of cancellation {unknown}
 v - a potion of brilliance {unknown}
 x - 3 potions of flight {unknown}
 A - a potion of magic {unknown}
Comestibles
 f - 13 rations
 H - 12 chunks of flesh


   Skills:
 + Level 4.8 Fighting
 * Level 7.7(7.9) Axes
 - Level 2.5(5.9) Maces & Flails
 + Level 0.3 Throwing
 + Level 4.9 Armour
 + Level 1.7 Dodging
 + Level 0.7 Stealth
 + Level 6.3 Shields


You had 8 spell levels left.
You didn't know any spells.
Your spell library contained the following spells:

 Spells                   Type           Power        Failure   Level  Hunger
 Magic Dart               Conj           #...         100%        1    ##.....
 Conjure Flame            Conj/Fire      #.......     100%        3    ####...
 Slow                     Hex            #.......     100%        2    ###....
 Mephitic Cloud           Conj/Pois/Air  #.......     100%        3    ####...
 Blink                    Tloc           N/A          100%        2    ###....
 Call Imp                 Summ           #.......     100%        2    ###....


Dungeon Overview and Level Annotations

Branches:
Dungeon (6/15)             Temple (0/1) D:5

Altars:
Elyvilon
Trog
Wu Jian
Yredelemnul


Innate Abilities, Weirdness & Mutations

You are resistant to torment.
Your stone body is resilient. (AC +6)
You are immune to poison.
You resist negative energy. (rN+)
You are resistant to electric shocks. (rElec)
You can survive without breathing.
You are immune to petrification.
You are immune to rotting.


Message History

Your shield and scale mail prevent you from hitting the orc priest.
You block the orc priest's attack.
You completely miss the orc priest.
The orc priest hits you but does no damage.
You hit the orc priest but do no damage.
The orc priest mumbles some strange prayers to Beogh against you.
Beogh smites you!
You hit the orc priest but do no damage.
You block the orc priest's attack.
The orc priest miscasts a cantrip.
You closely miss the orc priest. You block the orc priest's attack.
The orc priest casts a cantrip, but nothing happens.
The orc priest hits you but does no damage.
You hit the orc priest but do no damage.
The orc priest mumbles some strange prayers to Beogh against you.
Beogh smites you!
* * * LOW HITPOINT WARNING * * *
The orc priest mumbles some strange prayers to Beogh against you.
Beogh smites you!
You die...

##.#.#########
##.#.# ...#.#
.....# .....#
.###.#############
.........).......#
.....###########.#
..######## #@#
#......... #o#
#########. #o# #o#
#.# #.# #.# #.#


You could see 2 orc priests and an orc.

Vanquished Creatures
  Menkaure (D:4)
  Duvessa (D:4)
  An orc warrior (D:6)
  An ogre (D:6)
  A centaur (D:6)
  A phantom (D:5)
  A big kobold (Sewer)
  Dowan (D:4)
  A scorpion (D:4)
  5 wights (D:6)
  A howler monkey (D:4)
  2 crimson imps
  2 jellies (D:6)
  3 hounds
  A bullfrog skeleton (D:4)
  Crazy Yiuf (D:4)
  3 orc priests
  2 orc wizards
  2 centaur skeletons
  Ijyb (D:4)
  6 worker ants
  4 adders
  A howler monkey skeleton (D:5)
  2 river rats (Sewer)
  A dart slug (D:1)
  4 leopard geckos
  20 orcs
  3 giant cockroaches
  3 goblins
  5 hobgoblins
  13 jackals
  6 kobolds
  3 quokkas
  2 ball pythons (D:5)
  8 bats
  4 frilled lizards
  A jackal skeleton (D:5)
  A quokka zombie (D:5)
  10 rats
129 creatures vanquished.

Notes
Turn   | Place    | Note
-------+----------+-------------------------------------------
     0 | D:1      | Coldfire the Gargoyle Fighter began the quest for the Orb.
     0 | D:1      | Reached XP level 1. HP: 14/14 MP: 1/1
   103 | D:1      | Reached XP level 2. HP: 18/19 MP: 2/2
   637 | D:1      | Reached XP level 3. HP: 22/23 MP: 3/3
  1431 | D:2      | Found an ornate altar of the Wu Jian Council.
  1763 | D:3      | Reached XP level 4. HP: 25/29 MP: 4/4
  1861 | D:3      | Found a basalt altar of Yredelemnul.
  1863 | D:3      | Found a bloodstained altar of Trog.
  2241 | D:3      | Reached skill level 1 in Axes
  2400 | D:4      | Noticed Ijyb
  2409 | D:4      | Killed Ijyb
  2409 | D:4      | Reached XP level 5. HP: 33/33 MP: 5/5
  2499 | D:4      | Noticed Duvessa
  2505 | D:4      | Found a white marble altar of Elyvilon.
  2513 | D:4      | Became a worshipper of Elyvilon the Healer
  2529 | D:4      | Killed Duvessa
  2529 | D:4      | Reached skill level 2 in Axes
  2529 | D:4      | Reached XP level 6. HP: 33/38 MP: 6/6
  2532 | D:4      | Reached skill level 3 in Axes
  2562 | D:4      | Noticed Dowan
  2571 | D:4      | Killed Dowan
  2571 | D:4      | Reached skill level 1 in Dodging
  2624 | D:4      | Reached skill level 4 in Axes
  2624 | D:4      | Reached XP level 7. HP: 14/43 MP: 7/7
  2989 | D:4      | Noticed Menkaure
  2997 | D:4      | Killed Menkaure
  2997 | D:4      | Reached skill level 5 in Shields
  3250 | D:4      | Found a runed door.
  3296 | D:4      | Reached * piety under Elyvilon
  3546 | D:4      | Noticed Crazy Yiuf
  3552 | D:4      | Killed Crazy Yiuf
  3603 | D:5      | Entered Level 5 of the Dungeon
  3674 | D:5      | Found a glowing drain.
  3694 | Sewer    | Entered a sewer
  3802 | Sewer    | Found a white marble altar of Elyvilon.
  3857 | D:5      | Reached skill level 5 in Axes
  3923 | D:5      | Reached XP level 8. HP: 48/48 MP: 8/8
  4128 | D:5      | Reached ** piety under Elyvilon
  4207 | D:5      | Found a staircase to the Ecumenical Temple.
  4387 | D:6      | Got a fine bone ring
  4402 | D:6      | Reached skill level 6 in Axes
  4492 | D:6      | Reached skill level 7 in Axes
  4911 | D:6      | Reached XP level 9. HP: 51/53 MP: 9/9
  5089 | D:6      | Killed from afar by an orc priest

Vault maps used:
D:1:      shiori_arrival_maze
D:2:      nicolae_overflow_crystal_walls, first_ration,
          hangedman_abyss_or_decor_stabs, corexii_hall_statues_t, hex_large,
          item_on_display_a
D:3:      nicolae_overflow_hidden_temple, minivault_26, minivault_4,
          hangedman_decor_push
D:4:      overflow_temple_1_default, chequers_big_river, uniq_ijyb,
          uniq_crazy_yiuf_cottage, uniq_menkaure, uniq_duvessa
D:5:      temple_statues, cheibrodos_sewer_entry_drain
Sewer:    sewer_kobolds

Skill      XL: |  1  2  3  4  5  6  7  8 |
---------------+-------------------------+-----
Shields        | 4 5 6 |  6.3
Axes           | 1 2 4 5 7 |  7.7
Armour         | 4 |  4.9
Fighting       | 4 |  4.8
Dodging        | 1 |  1.7
Maces & Flails | |  2.5
Throwing       | |  0.3
Stealth        | |  0.7

Action                   |  1- 3 |  4- 6 |  7- 9 || total
-------------------------+-------+-------+-------++-------
Melee: Flail             |   122 |       |       ||   122
       War axe           |    19 |    68 |   267 ||   354
Throw: Stone             |     1 |     2 |    13 ||    16
  Use: Scroll            |     4 |     2 |     5 ||    11
       Potion            |       |     1 |       ||     1
  Eat: Chunk             |     2 |     4 |     5 ||    11
       Ration            |       |       |     1 ||     1
Armor: Scale mail        |    97 |    30 |   123 ||   250
Dodge: Dodged            |    57 |     8 |    51 ||   116
Block: Shield            |    80 |       |       ||    80
       Large shield      |     3 |    63 |   241 ||   307

Table legend:
 A = Spawn XP
 B = Non-spawn XP
 C = Spawn XP percentage of total XP
 D = Spawn monster count
 E = Non-spawn monster count
 F = Spawn count percentage of total count
 G = Total turns spent on level
                    A         B        C        D         E        F      G
               +---------+---------+-------+---------+---------+-------+---------
         Total |       0 |    2562 |   0.0 |       0 |     129 |   0.0 |  5089
               +---------+---------+-------+---------+---------+-------+---------
           D:1 |       0 |      46 |   0.0 |       0 |      25 |   0.0 |   975
           D:2 |       0 |      20 |   0.0 |       0 |      11 |   0.0 |   756
           D:3 |       0 |      65 |   0.0 |       0 |       7 |   0.0 |   629
           D:4 |       0 |     819 |   0.0 |       0 |      26 |   0.0 |  1243
           D:5 |       0 |     348 |   0.0 |       0 |      14 |   0.0 |   583
           D:6 |       0 |    1123 |   0.0 |       0 |      35 |   0.0 |   749
         Sewer |       0 |     141 |   0.0 |       0 |      11 |   0.0 |   154
               +---------+---------+-------+---------+---------+-------+---------
